 Dungeon Crawl Stone Soup version 0.30-a0-1124-g6e8f0f562f (webtiles) character file.

Game seed: 15618127291039687059

3311 Laraso the Basher (level 9, -7/68 (72) HPs)
             Began as an Armataur Fighter on Apr 23, 2023.
             Was an Initiate of Gozag.
             Killed from afar by Maggie (41 damage)
             ... with a bolt of fire
             ... on level 8 of the Dungeon.
             The game lasted 00:10:29 (8028 turns).

Laraso the Basher (Armataur Fighter)                Turns: 8028, Time: 00:10:30

HP:   -7/68 (72)    AC:  8    Str: 22    XL:     9   Next: 70%
MP:   9/9           EV: 12    Int:  8    God:    Gozag
Gold: 826           SH:  5    Dex: 14    Spells: 6/8 levels left

rFire   . . .        b - +2 whip (venom)
rCold   . . .        c - +0 buckler
rNeg    . . .        f - +0 scale mail
rPois   .            (no helmet)
rElec   .            s - scarf {+Inv}
rCorr   .            r - +0 pair of gloves
SInv    .            (no barding)
Will    +....        (no amulet) Stlth
                     z - +5 ring of evasion
HPRegen 0.31/turn    F - ring of willpower
MPRegen 0.11/turn

%: roll
@: mesmerised, drained
A: large, rugged brown scales 3, deformed body, armoured tail, roll, long
tongue, awkward tongue
a: Renounce Religion, Evoke Invisibility, Potion Petition, Call Merchant, Bribe
Branch


You were on level 8 of the Dungeon.
You worshipped Gozag.
Gozag was pleased with you.
You visited 1 branch of the dungeon, and saw 8 of its levels.

You collected 914 gold pieces.
You paid 88 gold pieces to Gozag.

Inventory:

Hand Weapons
 a - a +0 morningstar
 b - a +2 whip of venom (weapon)
Missiles
 o - a throwing net (quivered)
Armour
 c - a +0 buckler (worn)
 f - a +0 scale mail (worn)
 r - a +0 pair of gloves (worn)
 s - a scarf of invisibility (worn)
Jewellery
 i - a ring of see invisible
 n - a ring of positive energy
 w - an amulet of faith
 z - a +5 ring of evasion (left hand)
 C - a +6 ring of intelligence
 F - a ring of willpower (right hand)
Wands
 y - a wand of charming (8)
 A - a wand of iceblast (16)
 I - a wand of polymorph (7)
 J - a wand of mindburst (24)
Scrolls
 d - 2 scrolls of immolation
 e - a scroll of amnesia
 g - a scroll of acquirement {unknown}
 j - 2 scrolls of noise {unknown}
 k - 4 scrolls of fear
 l - 2 scrolls of magic mapping
 m - 2 scrolls of brand weapon
 p - a scroll of fog {unknown}
 t - 3 scrolls of vulnerability
 v - a scroll of teleportation {unknown}
 B - a scroll of summoning {unknown}
 G - a scroll of silence {unknown}
Potions
 h - a potion of lignification
 q - a potion of curing
 u - a potion of haste {unknown}
 x - 2 potions of might
 D - a potion of degeneration {unknown}
 E - a potion of mutation {unknown}
 H - a potion of ambrosia {unknown}
 K - a potion of heal wounds


   Skills:
 - Level 2.6 Fighting
 * Level 12.7 Maces & Flails
 - Level 3.6 Armour
 - Level 3.2 Shields


You had 6 spell levels left.
You knew the following spells:

 Your Spells              Type           Power      Damage    Failure   Level
a - Wereblood             Tmut           0%         N/A       91%         2

Your spell library contained the following spells:

 Spells                   Type           Power      Damage    Failure   Level
 Ensorcelled Hibernation  Hex/Ice        0%         N/A       91%         2
 Passwall                 Tmut/Erth      0%         N/A       91%         2
 Sublimation of Blood     Necr           0%         N/A       91%         2
 Portal Projectile        Hex/Tloc       0%         N/A       99%         3
 Swiftness                Air            0%         N/A       99%         3
 Tukima's Dance           Hex            0%         N/A       99%         3
 Leda's Liquefaction      Hex/Erth       0%         N/A       100%        4
 Blade Hands              Tmut           0%         N/A       100%        5
 Irradiate                Conj/Tmut      0%         3d11      100%        5
 Lee's Rapid Deconstruct  Erth           0%         3d4*      100%        5
 Summon Forest            Summ/Tloc      0%         N/A       100%        5
 Summon Mana Viper        Hex/Summ       0%         N/A       100%        5
 Statue Form              Tmut/Erth      0%         N/A       100%        6
 Summon Cactus Giant      Summ           0%         N/A       100%        6
 Dragon Form              Tmut           0%         N/A       100%        7
 Summon Hydra             Summ           0%         N/A       100%        7


Dungeon Overview and Level Annotations

Branches:
Dungeon (8/15)             Temple (0/1) D:6
   Lair: D:8-11

Altars:
Gozag
Qazlal

Annotations:
D:5 3 runed translucent doors, math4jedi's ghost, novice MiBe
D:8 Maggie


Innate Abilities, Weirdness & Mutations

You are completely covered in rugged brown scales. (AC +3, +7% HP)
Armour fits poorly on your strangely shaped body.
You have a long armoured tail.
You roll when moving toward enemies. (Rampage)
Your long tongue fully drains potion bottles. (2x potion effects)
Your tongue gives you trouble enunciating. (1.5x scroll delay)


Message History

You are mesmerised by Maggie!
You completely miss Maggie.
Maggie is heavily wounded.
You hit Maggie.
Maggie is heavily wounded.
Maggie casts a spell at you. The bolt of fire hits you!!
You closely miss Maggie.
Maggie is heavily wounded.
You hit Maggie.
Your tail-slap misses Maggie.
Maggie is heavily wounded.
Maggie gestures wildly while chanting.
Maggie draws you further into her thrall.
Unknown command.
You hit Maggie but do no damage.
Maggie is heavily wounded.
You hit Maggie.
Maggie is heavily wounded.
Maggie hits you with a +0 glaive of draining.
You feel drained.
You are too injured to fight recklessly!
You are too injured to fight recklessly!
You are too injured to fight recklessly!
Unknown command.
You hit Maggie but do no damage.
Your tail-slap misses Maggie.
Maggie is heavily wounded.
You closely miss Maggie.
Maggie is heavily wounded.
Maggie mumbles some strange words.
Maggie draws you further into her thrall.
Unknown command.
You hit Maggie but do no damage.
Maggie is poisoned.
Maggie is heavily wounded.
You whack Maggie! You tail-slap Maggie.
Maggie is almost dead.
Maggie gestures at you while chanting. The bolt of fire hits you!!!
Ouch! That really hurt!
You die...
Your body crumbles into a pile of gold.

#.#)~P#
#.#.~.#
#.###.#
#.# #.#
..# #.#
###
#.###
#...#
###.#
#@# #@#
...
##.##
#.# ..<
$ #.#
..#


You could see Maggie (mesmerising, empowered, very poisoned).

Vanquished Creatures
  3 yaks (D:6)
  A steam dragon (D:6)
  A water moccasin (D:7)
  An ice beast (D:5)
  2 black bears (D:6)
  3 ogres
  A phantom (D:4)
  A bullfrog (D:6)
  2 gnoll sergeants
  2 scorpions
  10 wights (D:7)
  4 killer bees (D:7)
  A howler monkey (D:4)
  3 hounds (D:5)
  2 gnoll boudas
  2 jellies (D:6)
  An orc priest (D:4)
  2 sleepcaps
  2 iguanas
  10 orc wizards
  18 gnolls
  12 adders
  A white imp (D:6)
  A worm (D:2)
  A dart slug (D:2)
  31 orcs
  10 ball pythons
  7 endoplasms
  5 hobgoblins
  3 jackals (D:1)
  8 kobolds
  6 quokkas
  7 bats
  2 frilled lizards (D:3)
  6 goblins
  5 rats
177 creatures vanquished.

Vanquished Creatures (others)
  8 plants (D:8)
8 creatures vanquished.

Grand Total: 185 creatures vanquished

Notes
Turn   | Place    | Note
-------+----------+-------------------------------------------
     0 | D:1      | Laraso the Armataur Fighter began the quest for the Orb.
     0 | D:1      | Reached XP level 1. HP: 19/19 MP: 1/1
    41 | D:1      | Reached skill level 2 in Maces & Flails
   109 | D:1      | Reached XP level 2. HP: 20/26 MP: 2/2
   326 | D:1      | Reached skill level 3 in Maces & Flails
   513 | D:1      | Reached XP level 3. HP: 32/32 MP: 3/3
  1370 | D:2      | Reached XP level 4. HP: 39/39 MP: 4/4
  1433 | D:2      | Reached skill level 4 in Maces & Flails
  1858 | D:2      | You fall into a shaft and drop 2 floors!
  1860 | D:4      | Noticed an ogre
  1866 | D:4      | Killed an ogre
  1867 | D:4      | Reached XP level 5. HP: 44/44 MP: 5/5
  1873 | D:4      | Reached skill level 5 in Maces & Flails
  2892 | D:3      | Reached XP level 6. HP: 49/50 MP: 6/6
  3405 | D:4      | Reached skill level 6 in Maces & Flails
  4267 | D:4      | Reached skill level 7 in Maces & Flails
  4267 | D:4      | Reached XP level 7. HP: 58/59 MP: 7/7
  4339 | D:5      | Entered Level 5 of the Dungeon
  4499 | D:5      | Reached skill level 8 in Maces & Flails
  4571 | D:5      | Found a runed translucent gate.
  4592 | D:5      | Found an opulent altar of Gozag.
  4615 | D:5      | Became a worshipper of Gozag Ym Sagoz the Greedy
  4783 | D:5      | Noticed math4jedi's ghost (novice MiBe)
  4808 | D:5      | Found a runed translucent gate.
  4808 | D:5      | Found a runed translucent gate.
  4901 | D:5      | Reached XP level 8. HP: 45/66 MP: 8/8
  5210 | D:6      | Found a staircase to the Ecumenical Temple.
  5219 | D:6      | Reached skill level 9 in Maces & Flails
  5322 | D:6      | Learned a level 2 spell: Wereblood
  5391 | D:6      | Reached skill level 10 in Maces & Flails
  5764 | D:6      | Found a stormy altar of Qazlal.
  5810 | D:6      | Reached skill level 11 in Maces & Flails
  5810 | D:6      | Reached XP level 9. HP: 41/72 MP: 9/9
  7262 | D:7      | Reached skill level 12 in Maces & Flails
  8012 | D:8      | Noticed Maggie
  8028 | D:8      | Killed from afar by Maggie

Illustrated notes

Levels and vault maps discovered:
D:1:      noname_arrival_rooms_in_the_neighbourhood, layout_basic
D:2:      layout_basic
D:3:      layout_basic, serial_corexii_hall, corexii_hall_statues_t,
          chequers_hall_statues_y, chequers_mini_garden
D:4:      layout_loops_corners
D:5:      layout_rooms, lemuel_tele_altar, gammafunk_ghost_icy, nicolae_sextant,
          guppyfry_early_lair_pool
D:6:      layout_layer_cave, marbit_many_paths, minmay_temple_entry_waves,
          chequers_serial_rivers_large_a
D:7:      layout_cave_pools, dk_noncrumbling_3, corexii_hall_statues_i,
          nrook_mini_backslash
D:8:      layout_loops_ring, lemuel_coloured_pillars_altar, serial_bayou,
          serial_bayou_pond_a, serial_bayou_pond_e, serial_bayou_shore_a,
          serial_bayou_lagoon_a, roderic_batcave, minmay_small_thing,
          uniq_joseph, uniq_maggie, uniq_erica

Skill      XL: |  1  2  3  4  5  6  7  8  9 |
---------------+----------------------------+-----
Maces & Flails | 2 3 4 5 7 8 11 12 | 12.7
Fighting       | |  2.6
Armour         | |  3.6
Shields        | |  3.2

Action                     |  1- 3 |  4- 6 |  7- 9 || total
---------------------------+-------+-------+-------++-------
  Melee: Flail             |   104 |   104 |       ||   208
         Tailslap          |     8 |    27 |    58 ||    93
         Whip              |       |    71 |   282 ||   353
         Morningstar       |       |       |    79 ||    79
Ability: Evoke Invisibilit |       |     1 |       ||     1
    Use: Potion            |       |     2 |       ||     2
         Scroll            |       |     5 |     4 ||     9
   Stab: Invisible         |       |     2 |       ||     2
         Distracted        |       |       |     1 ||     1
 Armour: Scale mail        |    86 |    66 |    58 ||   210
  Dodge: Dodged            |    53 |    50 |   115 ||   218
  Block: Buckler           |    16 |    27 |    60 ||   103

Table legend: (Time is in decaauts)
 A = Elapsed time spent in this place.
 B = Non-inter-level travel time spent in this place.
 C = Inter-level travel time spent in this place.
 D = Time resting spent in this place.
 E = Time spent auto-exploring this place.
 F = Levels seen in this place.
 G = Mean time per level.
                   A        B        C        D        E       F      G
               +--------+--------+--------+--------+--------+-----+--------+
         Total |   7951 |   7690 |    261 |    907 |   5487 |   8 |  993.9 |
       Dungeon |   7951 |   7690 |    261 |    907 |   5487 |   8 |  993.9 |
               +--------+--------+--------+--------+--------+-----+--------+

Top non-repeatable levels by time:
     D:6: 1614 daAuts
     D:2: 1262 daAuts
     D:4: 1164 daAuts
     D:3: 1091 daAuts
     D:7: 953 daAuts
     D:1: 853 daAuts
     D:5: 832 daAuts
     D:8: 180 daAuts
